 Dungeon Crawl Stone Soup version 0.28-a0-1374-ga75cb3825e (webtiles) character file.

Game seed: 14048020800135507051

557 dolemite99 the Ruffian (level 7, -4/66 HPs)
             Began as a Troll Fighter on Jan 1, 2022.
             Slain by Duvessa (9 damage)
             ... on level 4 of the Dungeon.
             The game lasted 00:04:25 (3497 turns).

dolemite99 the Ruffian (Troll Fighter)              Turns: 3497, Time: 00:04:25

Health: -4/66      AC:  5    Str: 27    XL:     7   Next: 9%
Magic:  6/6        EV:  7    Int:  4    God:
Gold:   156        SH:  9    Dex:  9    Spells: 6/6 levels left

rFire   . . .      SeeInvis .     - Unarmed
rCold   . . .      Faith    .   b - +2 kite shield
rNeg    . . .      Spirit   .   a - +1 robe
rPois   .          Reflect  .   (helmet restricted)
rElec   .          Harm     .   (no cloak)
rCorr   .          Rampage  .   (gloves unavailable)
Will    .....                   (boots unavailable)
Stlth   +.........              (no amulet)
HPRegen 1.01/turn               (no ring)
MPRegen 0.10/turn               (no ring)

@: mighty
A: large, unfitting armour, claws 3, regeneration 1, shaggy fur 1, tough skin 1
a: no special abilities


You were on level 4 of the Dungeon.
You visited 1 branch of the dungeon, and saw 4 of its levels.

You collected 156 gold pieces.

Inventory:

Missiles
 i - 24 stones (quivered)
 k - 18 sling bullets
Armour
 a - a +1 robe (worn)
 b - a +2 kite shield (worn)
Jewellery
 e - a ring of flight
Scrolls
 d - a scroll of blinking
 h - a scroll of fog {unknown}
 l - a scroll of brand weapon {unknown}
 m - a scroll of magic mapping
 o - a scroll of torment {unknown}
Potions
 j - a potion of curing {unknown}
 n - a potion of magic {unknown}


   Skills:
 - Level 2.4 Fighting
 - Level 2.4 Dodging
 - Level 2.4 Shields
 + Level 7.8 Unarmed Combat


You had 6 spell levels left.
You didn't know any spells.
Your spell library was empty.

Dungeon Overview and Level Annotations

Branches:
Dungeon (4/15)             Temple (0/1) D:4

Altars:
Ru

Shops:
D:1 :(   D:2 =

Annotations:
D:4 Duvessa


Innate Abilities, Weirdness & Mutations

You are too large for most types of armour.
You have claws for hands.
Your natural rate of healing is unusually fast.
You are covered in fur. (AC +1)
You have tough skin. (AC +1)


Message History

* * * LOW HITPOINT WARNING * * *
You completely miss Duvessa.
Duvessa is lightly wounded.
Duvessa barely misses you. The orc barely misses you.
You barely miss Duvessa.
Duvessa is lightly wounded.
Duvessa hits you with a +0 short sword!
* * * LOW HITPOINT WARNING * * *
You block the orc's attack. Duvessa closely misses you.
You block the orc's attack.
You feel much better. You block Duvessa's attack.
Duvessa hits you but does no damage. The orc closely misses you.
You feel very mighty all of a sudden. You block Duvessa's attack.
The orc barely misses you.
You closely miss Duvessa.
Duvessa is lightly wounded.
Duvessa hits you with a +0 short sword. You block Duvessa's attack.
You block the orc's attack.
You claw Duvessa!
Duvessa is moderately wounded.
You block Duvessa's attack. You block the orc's attack.
You scratch Duvessa but do no damage.
Duvessa is moderately wounded.
Duvessa closely misses you. Duvessa hits you with a +0 short sword!
The orc hits you with a +0 flail.
You scratch Duvessa.
Duvessa is heavily wounded.
Duvessa hits you with a +0 short sword!
* * * LOW HITPOINT WARNING * * *
You block the orc's attack.
You claw Duvessa!
Duvessa is severely wounded.
You block Duvessa's attack. Duvessa hits you with a +0 short sword!
* * * LOW HITPOINT WARNING * * *
You block the orc's attack.
You claw Duvessa!
Duvessa is almost dead.
You block Duvessa's attack. You block the orc's attack.
Duvessa hits you with a +0 short sword!
You die...

..###...##.##....##.##*
#...###.#...#.#..#..#,*
###...#####...####.##,*
..#.#...#.###...#..#,,*
....##.##...###...##,,*
....#..#..#...###.#*+**
...##.##o####...#.#,,,*
#..#..#.....###...#,,,*
####.##.##....##@##,,,*
..#..#)e#.)...#oe#,,,**
#...##.##....##.##,,,**
###.....###..#.(#,,,,,*
.######...####.##,,,,,*
.#,,***##...#.(#,,,,,**
.#,,,,,,*##...##,,,,,,*
.#,,,,,,,,###(*******,*
.#,,**,,,,*,#.*,,,,,,,*


You could see Duvessa (berserk) and an orc.

Vanquished Creatures
  An ogre (D:4)
  A phantom (D:4)
  2 scorpions
  Dowan (D:4)
  A hound (D:4)
  4 gnolls (D:3)
  7 adders
  2 adder skeletons (D:4)
  2 worms
  5 dart slugs
  4 orcs
  9 ball pythons
  6 endoplasms
  4 giant cockroaches
  8 goblins
  5 hobgoblins
  4 jackals
  4 kobolds
  6 quokkas
  5 bats
  A frilled lizard (D:1)
  6 rats
88 creatures vanquished.

Notes
Turn   | Place    | Note
-------+----------+-------------------------------------------
     0 | D:1      | dolemite99 the Troll Fighter began the quest for the Orb.
     0 | D:1      | Reached XP level 1. HP: 22/22 MP: 0/0
     2 | D:1      | Found Nozum's Book Boutique.
   103 | D:1      | Reached XP level 2. HP: 26/29 MP: 1/1
   104 | D:1      | Found Goggevec's Antique Weapon Shop.
   167 | D:1      | Reached skill level 3 in Unarmed Combat
   450 | D:1      | Reached XP level 3. HP: 36/36 MP: 2/2
   546 | D:2      | Reached skill level 4 in Unarmed Combat
   628 | D:2      | Found Sonuv's Jewellery Boutique.
   749 | D:2      | Found a sacrificial altar of Ru.
   774 | D:2      | Noticed a scorpion
   782 | D:2      | Killed a scorpion
   783 | D:2      | Reached skill level 5 in Unarmed Combat
   783 | D:2      | Reached XP level 4. HP: 12/44 MP: 3/3
  1326 | D:2      | Found a faded altar of an unknown god.
  1802 | D:3      | Reached XP level 5. HP: 50/50 MP: 4/4
  1810 | D:3      | Found the +18 Lear's hauberk
  2850 | D:4      | Reached skill level 6 in Unarmed Combat
  2920 | D:4      | Reached XP level 6. HP: 56/59 MP: 5/5
  3194 | D:4      | Reached skill level 7 in Unarmed Combat
  3227 | D:4      | Found a staircase to the Ecumenical Temple.
  3304 | D:4      | Noticed Dowan
  3305 | D:4      | Noticed Duvessa
  3393 | D:4      | Killed Dowan
  3394 | D:4      | Reached XP level 7. HP: 61/66 MP: 6/6
  3496 | D:4      | HP: 3/66 [Duvessa (12)]
  3497 | D:4      | Slain by Duvessa

Illustrated notes

Levels and vault maps discovered:
D:1:      saegor_arrival_simple_b, layout_rooms, serial_shops, shop,
          nicolae_square_shop, chequers_jeans, minmay_misc_feat_ornament
D:2:      layout_basic, serial_shops, nicolae_diamond_shop,
          shapermc_ecumenical_altar_totnotflames, basic_altar
D:3:      layout_loops_corners
D:4:      minmay_skewed_foursquare, layout_gridville,
          minmay_temple_entry_stoned_glass, minivault_25, uniq_duvessa

Skill      XL: |  1  2  3  4  5  6 |
---------------+-------------------+-----
Unarmed Combat | 3 5 6 7 |  7.8
Fighting       | |  2.4
Dodging        | |  2.4
Shields        | |  2.4

Action                   |  1- 3 |  4- 6 |  7- 9 || total
-------------------------+-------+-------+-------++-------
Melee: Unarmed           |    81 |   152 |    15 ||   248
Throw: Stone             |       |    10 |     5 ||    15
  Use: Scroll            |       |    10 |       ||    10
       Potion            |       |       |     2 ||     2
 Stab: Sleeping          |     1 |     2 |       ||     3
Armor: Robe              |    38 |    40 |     2 ||    80
Dodge: Dodged            |    20 |    51 |     8 ||    79
Block: Kite shield       |    32 |    60 |    15 ||   107

Table legend: (Time is in decaauts)
 A = Elapsed time spent in this place.
 B = Non-inter-level travel time spent in this place.
 C = Inter-level travel time spent in this place.
 D = Time resting spent in this place.
 E = Time spent auto-exploring this place.
 F = Levels seen in this place.
 G = Mean time per level.
                   A        B        C        D        E       F      G
               +--------+--------+--------+--------+--------+-----+--------+
         Total |   3530 |   3418 |    112 |    598 |   2030 |   4 |  882.5 |
       Dungeon |   3530 |   3418 |    112 |    598 |   2030 |   4 |  882.5 |
               +--------+--------+--------+--------+--------+-----+--------+

Top non-repeatable levels by time:
     D:3: 1113 daAuts
     D:2: 1099 daAuts
     D:4: 786 daAuts
     D:1: 531 daAuts
